Map: Central Protocol

Players

Elazer

  • Race: Zerg Zerg
  • League: Grandmaster

MarineLorD - Winner!

  • Race: Terran Terran
  • League: Platinum

Event: NationWars III

VOD

Have the link to the VOD?

Description

Time

  • Played on: Dec. 5, 2015, 2:54 p.m.
  • Length: 9:50
Show
View Real Time Build Order
Export as new Build Order

Elazer Zerg 

Build Orders: Hatch First 

Get SALT Encoding   

  12  0:00  Drone  
  13  0:12  Overlord  
  13  0:17  Drone  
  14  0:30  Drone x2  
  14  0:34  Drone  
  17  0:54  Hatchery, Drone  
  17  0:57  Drone  
  18  1:08  Extractor  
  17  1:12  Spawning Pool  
  17  1:15  Drone  
  17  1:18  Drone  
  18  1:28  Drone  
  19  1:38  Overlord  
  19  1:59  Queen  
  19  2:00  Zergling x4  
  23  2:06  Zergling x2, Queen  
  26  2:11  Drone  
  27  2:20  Roach Warren  
  26  2:23  Overlord  
  26  2:33  Drone  
  26  2:34  Drone  
  27  3:04  Roach  
  27  3:05  Roach x5  
  36  3:08  Spore Crawler  
  36  3:11  Roach x3  
  41  3:15  Roach  
  43  3:21  Extractor  
  43  3:22  Roach  
  45  3:31  Overlord  
  43  3:48  Queen  
  43  3:50  Drone x2, Ravager  
  43  3:51  Drone  
  43  3:55  Drone  
  50  3:57  Drone  
  51  4:03  Drone  
  52  4:12  Ravager, Extractor  
  52  4:14  Overlord  
  53  4:29  Drone  
  48  4:35  Drone  
  48  4:36  Ravager  
  48  4:40  Drone x2  
  48  4:42  Drone  
  45  4:46  Drone x2  
  45  4:50  Queen x2  
  51  4:53  Overlord, Drone  
  51  4:54  Drone  
  51  4:57  Overlord  
  53  5:08  Extractor  
  53  5:12  Extractor  
  51  5:14  Roach  
  51  5:15  Roach x3  
  59  5:21  Drone x3  
  59  5:22  Drone x2  
  64  5:32  Drone x2  
  66  5:39  Hatchery  
  66  5:42  Overlord  
  65  6:02  Drone x5  
  70  6:06  Ravager  
  71  6:12  Overlord  
  71  6:18  Drone  
  72  6:19  Drone x2, Extractor  
  72  6:20  Drone  
  72  6:25  Evolution Chamber x2  
  73  6:26  Roach x2  
  73  6:37  Drone x2  
  74  6:43  Overlord  
  74  6:44  Roach  
  74  6:45  Roach x4  
  84  6:53  Lair  
  84  6:54  Zerg Ground Armor Level 1  
  84  6:56  Drone  
  84  6:59  Drone x3  
  88  7:03  Drone  
  88  7:04  Spore Crawler  
  88  7:05  Drone  
  88  7:08  Drone  
  90  7:11  Drone x2  
  90  7:15  Drone  
  93  7:16  Drone x2  
  95  7:26  Overlord  
  95  7:27  Roach  
  97  7:33  Overlord x2  
  97  7:35  Drone  
  98  7:46  Roach  
  98  7:47  Roach x3  
  98  7:48  Overlord x2  
  106  7:53  Glial Reconstitution  
  106  7:56  Roach x5  
  116  8:05  Roach x2  
  120  8:06  Roach  
  120  8:07  Ravager x4  
  126  8:13  Roach x4  
  131  8:23  Roach  
  131  8:24  Roach x2  
  131  8:25  Roach  
  129  8:33  Roach  
  129  8:34  Roach x4  
  121  8:39  Roach x2  
  119  8:47  Roach x5  
  100  8:59  Roach  
  94  9:03  Roach x4  
  94  9:09  Roach  
  108  9:10  Roach x2  
  106  9:20  Ravager  
  106  9:22  Roach  
Show
View Real Time Build Order
Export as new Build Order

MarineLorD Terran - Winner!

Build Orders: Bio Tank, MMM Bio 

Get SALT Encoding   

  12  0:00  SCV  
  13  0:12  SCV  
  14  0:17  Supply Depot  
  14  0:24  SCV  
  15  0:29  Refinery  
  15  0:39  SCV  
  16  0:45  Barracks  
  16  0:51  SCV  
  17  1:03  SCV  
  18  1:07  Barracks  
  18  1:15  SCV  
  19  1:23  Barracks  
  19  1:27  SCV  
  19  1:31  Reaper  
  21  1:43  Orbital Command  
  21  1:52  Supply Depot  
  21  1:55  Reaper  
  22  2:03  Reaper  
  23  2:13  SCV, Reaper  
  25  2:19  Refinery  
  25  2:25  SCV  
  26  2:32  Reaper  
  27  2:37  SCV  
  27  2:42  Reaper  
  29  2:49  Supply Depot  
  29  2:50  SCV  
  30  2:53  Reaper  
  31  3:11  SCV, Reaper  
  33  3:16  Reaper  
  33  3:18  Command Center  
  34  3:23  SCV  
  35  3:27  Barracks Tech Lab  
  35  3:35  SCV  
  35  3:40  Bunker  
  36  3:43  Marine  
  36  3:47  SCV  
  36  3:48  Marine  
  39  3:51  Supply Depot, Stimpack  
  39  4:13  SCV, Marauder, Marine x2  
  39  4:15  Bunker  
  43  4:25  SCV  
  43  4:31  Marine x2  
  45  4:34  Marine  
  45  4:37  SCV  
  41  4:47  Bunker  
  41  4:48  Marine x2  
  41  4:49  SCV  
  41  4:52  Marine  
  44  4:53  Factory  
  44  5:01  SCV  
  46  5:11  Supply Depot, Orbital Command  
  46  5:14  SCV, Marauder  
  49  5:17  Barracks Reactor  
  49  5:19  Barracks Reactor  
  48  5:22  Supply Depot  
  48  5:26  SCV  
  51  5:35  Marauder  
  51  5:38  SCV, Starport, Factory Tech Lab  
  51  5:39  SCV  
  51  5:41  Refinery  
  53  5:50  SCV  
  53  5:51  SCV  
  57  5:57  Marauder  
  57  6:00  Liberator, Marine x3  
  57  6:01  Marine  
  57  6:02  SCV, Siege Tank  
  57  6:03  SCV  
  66  6:09  Combat Shields  
  66  6:14  SCV  
  66  6:15  SCV  
  66  6:16  Supply Depot  
  66  6:18  Marine  
  72  6:19  Marine x3  
  72  6:21  Marine  
  76  6:26  SCV  
  76  6:27  SCV  
  77  6:35  Marine  
  77  6:37  Marine x3  
  77  6:38  Marine  
  81  6:40  Siege Tank  
  83  6:52  Barracks x2  
  84  6:55  Marine  
  84  6:56  Refinery  
  84  6:59  Marine  
  86  7:02  Marine  
  86  7:04  Supply Depot  
  86  7:06  Supply Depot  
  86  7:08  Supply Depot  
  86  7:17  Supply Depot  
  86  7:22  Marine  
  86  7:26  Medivac, Siege Tank, Marine x3  
  86  7:27  Marine  
  86  7:28  Supply Depot  
  95  7:37  Supply Depot  
  95  7:38  Supply Depot  
  95  7:39  Liberator  
  95  7:40  Marine x2  
  95  7:42  Marine  
  95  7:43  Marine x3  
  101  7:45  Marine  
  101  7:47  Concussive Shells  
  102  7:58  Marine x2  
  105  7:59  Marine  
  105  8:01  Marine  
  105  8:03  Marine  
  105  8:04  Marine  
  105  8:05  Marine  
  112  8:16  Marine x2  
  112  8:17  Marine  
  112  8:19  Marine  
  116  8:21  Marine  
  116  8:22  Marine  
  116  8:23  Marine  
  107  8:34  Siege Tank, Marine x2  
  100  8:36  Marine  
  100  8:39  Medivac  
  102  8:42  Marine  
  95  8:49  Marine  
  95  8:51  Marine  
  95  8:53  Marine x2  
  93  8:55  Marine x2  
  93  9:01  Marine  
  87  9:07  Marine  
  87  9:09  Marine, Medivac  
  89  9:10  Siege Tank  
  89  9:11  Marine x2  
  89  9:13  Marine x2  
  93  9:19  Marine  
  93  9:25  Marine  
  93  9:27  Marine  
  93  9:29  Marine x2  
  93  9:31  Marine x2  
Tags
 
Add a new tag
Caveats
  • Supply blocks, unpowered buildings, or Contaminate may cause inaccurate times.
  • Supply counts are checked every 10 seconds.